 Dungeon Crawl Stone Soup version 0.18-a0-952-g309898a (webtiles) character file.

364102 patman the Lord of Darkness (level 22, -23/177 HPs)
             Began as an Octopode Fighter on Dec 26, 2015.
             Was the Champion of Kikubaaqudgha.
             Hit by a large rock thrown by a stone giant (56 damage)
             ... on level 5 of the Vaults on Dec 30, 2015.
             The game lasted 03:04:25 (43492 turns).

patman the Lord of Darkness (Octopode Fighter)     Turns: 43492, Time: 03:04:25

Health: -23/177    AC:  7    Str: 19    XL:     22   Next: 51%
Magic:  41/41      EV: 29    Int: 16    God:    Kikubaaqudgha [******]
Gold:   3192       SH: 14    Dex: 21    Spells: 8 memorised, 1 level left

rFire  + + .     SeeInvis +     a - +6 eveningstar of the Moth {vamp, Stlth+}
rCold  + + .     Gourm    .     O - +0 shield
rNeg   + . .     Faith    .     e - +2 hat
rPois  +         Spirit   .     n - amulet of the Many Deaths {+Blink +Rage rC+ Str+4 Slay+6}
rElec  .         Dismiss  .     g - ring of magical power
rCorr  .         Reflect  .     N - +4 ring of protection
SustAt .         Harm     .     w - ring of protection from cold
MR     ++...                    x - ring of protection from fire
Stlth  ++++++++..               y - +4 ring of slaying
                                I - ring of poison resistance
                                W - ring of protection from magic
                                p - ring of Wuunneem {rN+ Int-2 Dex+7 SInv}

@: lethally poisoned (-23 -> -24), very slightly contaminated, drained, very
resistant to hostile enchantments, extraordinarily stealthy
A: almost no armour, amphibious, 8 rings, constrict 8, camouflage 1, fire
resistance 1, robust 1, gelatinous body 1
a: Receive Corpses, Torment, Renounce Religion, Evoke Blink, Evoke Berserk Rage
}: 2/15 runes: decaying, serpentine


You were on level 5 of the Vaults.
You worshipped Kikubaaqudgha.
Kikubaaqudgha was exalted by your worship.
You were very hungry.

You visited 6 branches of the dungeon, and saw 38 of its levels.
You visited the Abyss 1 time.
You also visited: Trove, Ossuary and Volcano.

You collected 5674 gold pieces.
You spent 2482 gold pieces at shops.

Inventory:

Hand Weapons
 a - the +6 eveningstar of the Moth (weapon) {vamp, Stlth+}
   (You acquired it on level 14 of the Dungeon)

   It inflicts no extra harm, but heals its wielder somewhat when it strikes a
   living foe.
   It makes you more stealthy.
 b - a +9 eveningstar of freezing
Missiles
 q - 15 javelins (quivered)
Armour
 e - a +2 hat (worn)
 O - a +0 shield (worn)
Jewellery
 f - an uncursed ring of protection from cold
 g - a ring of magical power (left tentacle)
 n - the amulet of the Many Deaths (around mantle) {+Blink +Rage rC+ Str+4 Slay+6}
   (You found it in a treasure trove)

   [amulet of rage]

   It affects your strength (+4).
   It affects your accuracy and damage with ranged weapons and melee attacks
   (+6).
   It protects you from cold.
   It lets you blink.
   It lets you go berserk.
 p - the ring of Wuunneem (on tentacle) {rN+ Int-2 Dex+7 SInv}
   (You bought it in a shop on level 2 of the Orcish Mines)

   [ring of see invisible]

   It affects your intelligence (-2).
   It affects your dexterity (+7).
   It protects you from negative energy.
   It lets you see invisible.
 w - a ring of protection from cold (on tentacle)
 x - a ring of protection from fire (on tentacle)
 y - a +4 ring of slaying (on tentacle)
 z - an uncursed ring of teleportation
 I - a ring of poison resistance (on tentacle)
 J - the ring of the Oligarchy {+Blink +Inv rF++ Str+2 Dex-2}
   (You found it in a treasure trove)

   [ring of strength]

   It affects your strength (+2).
   It affects your dexterity (-2).
   It greatly protects you from fire.
   It lets you turn invisible.
   It lets you blink.
 N - a +4 ring of protection (right tentacle)
 W - a ring of protection from magic (on tentacle)
Wands
 r - a wand of disintegration (9/24)
 D - a wand of teleportation (4/9)
 E - a wand of digging (18/24)
 K - a wand of invisibility (4/9)
 Z - a wand of hasting (4/9)
Scrolls
 j - 18 scrolls of remove curse
 k - 2 scrolls of teleportation
 s - 7 scrolls of recharging
 A - 2 scrolls of fog
 C - 9 scrolls of magic mapping
 G - a scroll of silence
 L - 2 scrolls of fear
 M - a scroll of holy word
Potions
 c - 2 potions of might
 h - 6 potions of curing
 l - 4 potions of agility
 m - 8 potions of brilliance
 o - 5 potions of flight
 B - a potion of haste
 F - 2 potions of resistance
 P - 4 potions of berserk rage
 V - 2 potions of cancellation
 X - 4 potions of magic
 Y - 5 potions of cure mutation
Books
 u - a Necronomicon

   Spells                             Type                      Level
   a - Haunt                          Necromancy/Summoning         7
   b - Borgnjor's Revivification      Necromancy                   8
   c - Death's Door                   Charms/Necromancy            8
   d - Necromutation                  Transmutation/Necromancy     8
Comestibles
 d - 13 bread rations
 i - 42 fruits
 t - 5 beef jerkies
 v - a meat ration


   Skills:
 - Level 16.5(16.1) Fighting
 - Level 16.0(15.5) Maces & Flails
 - Level 18.0(17.6) Dodging
 - Level 11.9(11.5) Stealth
 - Level 15.0(14.6) Shields
 - Level 7.0(6.7) Spellcasting
 * Level 18.8(18.4) Necromancy


You had one spell level left.
You knew the following spells:

 Your Spells              Type           Power        Failure   Level  Hunger
a - Agony                 Necr           ######..     1%          5    #####..
d - Dispel Undead         Necr           ######..     1%          5    #####..
O - Cigotuvi's Embrace    Necr           ######....   1%          5    #####..
P - Recall                Summ/Tloc      N/A          41%         3    ##.....
Q - Borgnjor's Revivific  Necr           ######....   47%         8    #######
R - Regeneration          Chrm/Necr      ####......   1%          3    ##.....
S - Animate Dead          Necr           N/A          1%          4    ####...
U - Summon Butterflies    Summ           #.......     14%         1    None


Dungeon Overview and Level Annotations

Branches:
Dungeon (15/15)            Temple (0/1) D:6            Lair (8/8) D:10
  Swamp (4/4) Lair:4        Snake (4/4) Lair:3        Slime (0/6) Lair:8
    Orc (2/2) D:12            Elf (0/3) Orc:2        Vaults (5/5) D:14
  Crypt (0/3) Vaults:3     Depths (0/5) D:15

Altars:
Ashenzari
Kikubaaqudgha
Makhleb
Okawaru
Qazlal
Ru
Vehumet
Xom
Yredelemnul
Jiyva

Shops:
D:9 *   D:10 (   D:12 ?   D:14 ?   Orc:1 [   Orc:2 *%=*   Vaults:1 %
Vaults:2 %

Annotations:
D:4 Dirtsage's ghost, amateur DsFi; Grinder
D:8 4 runed doors, exclusion: 4 doors
D:9 exclusion: statue
Lair:2 exclusion: oklob plant
Lair:3 exclusion: 4 oklob plants
Swamp:1 exclusion: downstairs
Swamp:4 exclusion: Roxanne, Lernaean hydra; Roxanne
Vaults:2 exclusion: 3 doors


Innate Abilities, Weirdness & Mutations

You cannot wear most types of armour.
You are amphibious.
You can wear up to eight rings at the same time.
You can use your tentacles to constrict eight enemies at once.
Your skin changes colour to match your surroundings (Stealth).
Your rubbery body absorbs attacks (AC +1).
Your flesh is heat resistant.
You are robust (+10% HP).


Message History

Unknown command.
Unknown command.
You barely miss the deep elf annihilator.
Your grab misses the deep elf annihilator.
You constrict the lich. You block the lich's attack.
The deep elf annihilator gestures wildly while chanting.
The deep elf annihilator blinks!
Unknown command.
You impale the lich!!
The lich is heavily damaged.
You constrict the lich.
The phantasmal warrior blinks!
The lich barely misses you.
A stone giant comes into view.
Unknown command.
You hit the lich.
The lich is severely damaged.
You constrict the lich.
The phantasmal warrior blinks!
The stone giant throws a large rock.
The large rock hits you!!!
You die...
Kikubaaqudgha rasps: "You have failed me!
Welcome... death!"

*,,,** **,,,*,,,*,,*,,*
,*,** **,*,*,*,*,*,,*
,,** *** **,,.#.C.##..#
,*,***,***,*,#.#.#.#..#
*,,,*,,,*,,,*,D.#..#..#
,*,*,*,*,*,*,*,#.#.#..#
,,*,,,*,,,*,,,*,......#
##################C...#
.p..........W...@.ยงยง..#
p...............)L..e.#
#######################


You could see a stone giant, a lich, a deep elf annihilator and a phantasmal
warrior.

Vanquished Creatures
  Mennas (Vaults:3)
  Mara (Swamp:3)
  Boris (Vaults:2)
  Norris (Vaults:3)
  Vashnia (Snake:2)
  Nikola (Snake:3)
  Jory (Vaults:3)
  A lich (Vaults:1)
  Gastronok (D:9)
  Frances (D:13)
  A shadow dragon (Vaults:5)
  3 thorn hunters (Swamp:2)
  2 tengu reavers
  Wiglaf (Snake:3)
  11 greater nagas
  2 frost giants
  A deep elf sorcerer (Vaults:1)
  The ghost of 4thArraOfDagon the Severer, a journeyman DDBe of Trog (Swamp:3)
  7 vault wardens
  A ghoul (Vaults:4)
  12 ironheart preservers
  The ghost of Chiseanne the Unseen, an adept SpAs of Gozag (Snake:4)
  5 stone giants
  A very ugly thing (Vaults:5)
  A deep elf demonologist (Vaults:2)
  A salamander stormcaller (Vaults:5)
  A deep elf annihilator (Vaults:1)
  An ettin (Vaults:5)
  3 deep elf death magi
  Snorg (D:14)
  Josephine (Orc:2)
  3 fire dragons
  2 great orbs of eyes
  8 yaktaur captains
  23 hydras
  15 vault guards
  3 ghost crabs
  11 naga warriors
  2 ice dragons
  26 anacondas
  4 death knights
  10 alligators
  6 centaur warriors
  2 deep troll shamans
  A catoblepas (Lair:7)
  4 ogre magi
  2 tengu warriors (D:15)
  A queen ant (D:11)
  18 death yaks
  5 orc high priests (Orc:2)
  A deep troll earth mage (Vaults:4)
  15 naga sharpshooters
  5 deep elf knights
  3 unseen horrors
  A sea snake (Snake:3)
  9 shock serpents
  5 salamander mystics
  9 skeletal warriors
  12 deep trolls
  3 giant orange brains
  A spriggan druid (Swamp:3)
  2 shambling mangroves
  8 swamp dragons
  9 deep elf archers
  2 shadow wraiths
  10 naga ritualists
  9 ironbrand convokers
  A lindwurm (shapeshifter) (Vaults:2)
  2 wizards
  A flayed ghost (Vaults:4)
  13 mana vipers
  19 orc knights
  7 cyclopes
  8 hill giants
  A lindwurm (Lair:8)
  3 necromancers
  A wolf spider zombie (D:14)
  A hornet (Vaults:1)
  9 harpies
  5 wolf spiders
  3 griffons
  2 orc sorcerers
  63 ugly things
  A fire giant zombie (Vaults:2)
  12 deep elf magi
  11 guardian serpents (Snake:4)
  A manticore (D:14)
  A sphinx skeleton (Volcano)
  13 elephants
  Maurice (D:9)
  A frost giant skeleton (Vaults:2)
  22 salamanders
  An octopode (shapeshifter) (Vaults:4)
  14 vault sentinels
  18 naga magi
  39 black mambas
  2 gargoyles
  A komodo dragon (shapeshifter) (Vaults:4)
  22 spiny frogs
  A molten gargoyle (Lair:7)
  22 yaktaurs
  A human zombie (Vaults:4)
  7 komodo dragons
  A spiny frog (shapeshifter) (Vaults:1)
  6 fire drakes
  A guardian mummy (Volcano)
  2 kobold demonologists
  3 tengu conjurers
  A yaktaur skeleton (Vaults:4)
  8 freezing wraiths
  13 trolls
  3 polar bears
  47 slime creatures
  11 two-headed ogres
  4 giant leeches
  29 blink frogs
  2 boulder beetles
  A trapdoor spider (D:13)
  A flying skull (Volcano)
  A wolf spider simulacrum (D:14)
  9 spriggans
  A shadow (D:15)
  A wyvern (Lair:6)
  3 vampires (Volcano)
  4 basilisks
  An ettin skeleton (Vaults:2)
  2 humans (shapeshifter)
  A small abomination (Abyss:2)
  A hill giant skeleton (Volcano)
  8 wraiths
  6 hippogriffs
  2 hungry ghosts
  A steam dragon (Lair:6)
  10 wargs
  72 yaks
  25 vampire mosquitoes
  3 mottled dragons
  Edmund (D:5)
  7 porcupines
  13 insubstantial wisps
  59 nagas
  15 water moccasins
  21 wolves
  20 swamp worms
  14 swamp drakes
  A merfolk skeleton (Volcano)
  53 orc warriors
  2 phantoms
  2 black bears
  2 necrophages
  4 ice beasts
  A hornet simulacrum (D:14)
  3 sky beasts
  2 eyes of draining
  An eye of draining (shapeshifter) (Vaults:4)
  14 ogres
  10 wasps
  5 big kobolds
  14 centaurs
  21 giant frogs
  A manticore skeleton (Volcano)
  3 human skeletons
  15 crocodiles
  2 wyvern zombies
  8 killer bees
  5 scorpions
  9 wights
  14 bog bodies
  A quasit (D:14)
  A troll skeleton (Volcano)
  6 centaur zombies
  2 electric eels (Lair:5)
  6 giant frog zombies
  A basilisk zombie (Lair:5)
  A giant frog skeleton (D:9)
  8 jellies
  4 lava snakes (Lair:7)
  15 orc wizards
  5 crimson imps
  9 centaur skeletons
  3 hounds
  4 iguanas
  34 orc priests
  Ijyb (D:2)
  Terence (D:2)
  9 worker ants
  26 sheep
  2 crocodile zombies (Lair:5)
  A killer bee zombie (Ossuary)
  2 ogre skeletons (Volcano)
  3 naga skeletons (Volcano)
  4 hound zombies
  6 mummies
  11 gnolls
  Robin (D:3)
  2 worker ant zombies (Ossuary)
  62 river rats
  12 adders
  4 shadow imps
  An ooze (D:3)
  4 adder zombies (Ossuary)
  3 adder skeletons
  A worm (D:2)
  2 giant geckos
  109 orcs
  2 ball pythons
  A bat zombie (D:3)
  2 giant cockroaches
  13 goblins
  9 hobgoblins
  21 kobolds
  4 quokkas
  8 bats
  2 giant cockroach zombies (Ossuary)
  4 giant newts
  8 jackals
  A jackal skeleton (D:7)
  A quokka zombie (Ossuary)
  13 rats
  2 rat zombies (D:3)
  A spectral orc (D:6)
  2 fungi (Lair:7)
1735 creatures vanquished.

Vanquished Creatures (collateral kills)
  A greater naga (Snake:4)
  A naga warrior (Snake:4)
  An anaconda (Snake:4)
  A naga sharpshooter (Snake:4)
  2 shock serpents (Snake:4)
  An ironbrand convoker (Vaults:1)
  A swamp dragon (Swamp:4)
  A naga mage (Snake:4)
  A swamp worm (Swamp:4)
  A naga (Snake:4)
  3 swamp drakes (Swamp:4)
  A giant frog (shapeshifter) (Vaults:1)
  An orc (Vaults:1)
16 creatures vanquished.

Vanquished Creatures (others)
  2 ugly things (Vaults:2)
  An orc knight (Vaults:1)
  An orc warrior (Vaults:1)
  A centaur (Vaults:1)
  An orc (Orc:2)
  3 briar patches (Swamp:2)
  16 fungi
  19 plants
44 creatures vanquished.

Grand Total: 1795 creatures vanquished

Notes
Turn   | Place    | Note
--------------------------------------------------------------
     0 | D:1      | patman the Octopode Fighter began the quest for the Orb.
     0 | D:1      | Reached XP level 1. HP: 16/16 MP: 1/1
   197 | D:1      | Reached XP level 2. HP: 19/21 MP: 2/2
   522 | D:2      | Noticed Ijyb
   532 | D:2      | Killed Ijyb
   532 | D:2      | Reached XP level 3. HP: 9/26 MP: 3/3
   882 | D:2      | Reached skill level 4 in Maces & Flails
  1149 | D:2      | Reached XP level 4. HP: 31/31 MP: 4/4
  1274 | D:2      | Noticed Terence
  1281 | D:2      | Killed Terence
  1776 | D:3      | Noticed Robin
  1855 | D:3      | Killed Robin
  1855 | D:3      | Reached skill level 5 in Maces & Flails
  1855 | D:3      | Reached XP level 5. HP: 36/36 MP: 5/5
  2127 | D:3      | Found a shattered altar of Ashenzari.
  2127 | D:3      | Found a burning altar of Makhleb.
  2135 | D:3      | Reached skill level 6 in Maces & Flails
  2135 | D:3      | Reached XP level 6. HP: 42/42 MP: 6/6
  2315 | D:3      | Found an ancient bone altar of Kikubaaqudgha.
  2326 | D:3      | Became a worshipper of Kikubaaqudgha
  2686 | D:4      | Noticed Dirtsage's ghost (amateur DsFi)
  2825 | D:4      | Noticed Grinder
  2935 | D:5      | Entered Level 5 of the Dungeon
  2948 | D:5      | Reached skill level 7 in Maces & Flails
  3008 | D:5      | Noticed Edmund
  3012 | D:5      | Reached XP level 7. HP: 38/46 MP: 7/7
  3035 | D:5      | Killed Edmund
  3160 | D:5      | Reached skill level 8 in Maces & Flails
  3376 | D:5      | Found an iron altar of Okawaru.
  3406 | D:5      | Upgraded the game from 0.18-a0-917-g8a3da5b to 0.18-a0-921-g28655ce
  3550 | D:6      | Reached skill level 9 in Maces & Flails
  3550 | D:6      | Reached XP level 8. HP: 52/52 MP: 8/8
  3577 | D:6      | Reached * piety under Kikubaaqudgha
  3577 | D:6      | Received a gift from Kikubaaqudgha
  3578 | D:6      | Identified Kikubaaqudgha's Incunabulum of Evil (Kikubaaqudgha gifted it to you on level 6 of the Dungeon)
  3629 | D:6      | Reached skill level 1 in Spellcasting
  3629 | D:6      | Reached skill level 1 in Necromancy
  3738 | D:6      | Found a basalt altar of Yredelemnul.
  3826 | D:6      | Learned a level 3 spell: Regeneration
  3842 | D:6      | Found a staircase to the Ecumenical Temple.
  4337 | D:7      | Found a sand-covered staircase.
  4342 | Ossuary  | Entered an ossuary
  4373 | Ossuary  | Reached skill level 5 in Necromancy
  4458 | Ossuary  | Reached XP level 9. HP: 48/56 MP: 9/12
  4891 | D:7      | Found a shimmering altar of Xom.
  4986 | D:7      | Found a sacrificial altar of Ru.
  5187 | D:8      | Reached ** piety under Kikubaaqudgha
  5306 | D:8      | Found a huge runed gate.
  5307 | D:8      | Noticed a death yak
  5309 | D:8      | Found a huge runed gate.
  5310 | D:8      | Found a huge runed gate.
  5311 | D:8      | Found a huge runed gate.
  5311 | D:8      | Noticed a griffon
  5313 | D:8      | Noticed a griffon
  6013 | D:9      | Reached skill level 10 in Necromancy
  6064 | D:9      | Reached XP level 10. HP: 51/63 MP: 13/13
  6068 | D:9      | Noticed Maurice
  6084 | D:9      | Killed Maurice
  6112 | D:9      | Noticed Gastronok
  6138 | D:9      | Killed Gastronok
  6153 | D:9      | Reached skill level 5 in Fighting
  6307 | D:9      | Found a radiant altar of Vehumet.
  6425 | D:9      | Reached *** piety under Kikubaaqudgha
  6425 | D:9      | Received a gift from Kikubaaqudgha
  6425 | D:9      | Reached XP level 11. HP: 52/72 MP: 2/14
  6426 | D:9      | Identified Kikubaaqudgha's Tome of Evil Rituals (Kikubaaqudgha gifted it to you on level 9 of the Dungeon)
  6524 | D:9      | Learned a level 5 spell: Agony
  6530 | D:9      | Learned a level 5 spell: Dispel Undead
  6532 | D:9      | Found Zoskoll's General Store.
  6540 | D:9      | Bought a scroll of identify for 24 gold pieces
  6540 | D:9      | Bought a scroll of identify for 24 gold pieces
  6601 | D:10     | Entered Level 10 of the Dungeon
  6624 | D:10     | Found Aqaxzeim's Weapon Shop.
  6656 | D:10     | Found a portal to a secret trove of treasure.
  7102 | D:10     | Found a staircase to the Lair.
  7228 | D:10     | Killed an unseen horror
  7320 | D:10     | Got a dazzling scimitar
  7321 | D:10     | Identified the +3 scimitar of Cahimo {venom, +Fly rN++ MP+9 Int-5} (You found it on level 10 of the Dungeon)
  7960 | D:11     | Noticed Snorg
  8194 | D:11     | Noticed a six-headed hydra
  8195 | D:11     | Noticed a queen ant
  8195 | D:11     | a six-headed hydra changed into a queen ant
  8217 | D:11     | Killed a queen ant
  8217 | D:11     | Reached skill level 10 in Dodging
  8502 | D:11     | Noticed a hill giant
  8530 | D:11     | Killed a hill giant
  8616 | D:11     | Reached **** piety under Kikubaaqudgha
  8767 | D:11     | Noticed a hill giant
  8788 | D:11     | Killed a hill giant
  8788 | D:11     | Reached XP level 12. HP: 82/82 MP: 12/16
  9300 | D:12     | You fall through a shaft for 2 floors!
  9322 | D:14     | Found Hasain's Magic Scroll Shop.
  9330 | D:14     | Bought a scroll of enchant armour for 97 gold pieces
  9330 | D:14     | Bought a scroll of blinking for 97 gold pieces
  9330 | D:14     | Bought a scroll of identify for 26 gold pieces
  9330 | D:14     | Bought a scroll of identify for 26 gold pieces
  9330 | D:14     | Identified a scroll of acquirement
  9333 | D:14     | Got an ichor-stained eveningstar
  9337 | D:14     | Identified the +6 eveningstar of the Moth {vamp, Stlth+} (You acquired it on level 14 of the Dungeon)
  9621 | D:14     | Noticed a centaur warrior
  9640 | D:14     | Killed a centaur warrior
  9703 | D:14     | Reached skill level 10 in Maces & Flails
 10069 | D:12     | Reached skill level 11 in Maces & Flails
 10333 | D:12     | Reached ***** piety under Kikubaaqudgha
 10350 | D:12     | Found a staircase to the Orcish Mines.
 10650 | D:12     | Found Puyxilut's Magic Scroll Boutique.
 10663 | D:12     | Bought a scroll of identify for 32 gold pieces
 10663 | D:12     | Bought a scroll of identify for 32 gold pieces
 10938 | Lair:1   | Entered Level 1 of the Lair of Beasts
 11197 | Lair:1   | Reached skill level 12 in Maces & Flails
 11877 | Lair:2   | Reached XP level 13. HP: 89/89 MP: 11/18
 12162 | Lair:2   | Learned a level 5 spell: Cigotuvi's Embrace
 12651 | Lair:3   | Reached skill level 13 in Maces & Flails
 12725 | Lair:3   | Found a staircase to the Snake Pit.
 13830 | Lair:4   | Reached skill level 14 in Maces & Flails
 14447 | Lair:4   | Found a staircase to the Swamp.
 15683 | Lair:5   | Reached skill level 15 in Maces & Flails
 15972 | Lair:6   | Reached ****** piety under Kikubaaqudgha
 16197 | Lair:6   | Got an iridescent rapier
 16389 | Lair:6   | Reached XP level 14. HP: 81/95 MP: 19/19
 16748 | Lair:7   | Reached skill level 16 in Maces & Flails
 16766 | Lair:7   | Identified the +8 rapier "Usiacw" {pierce, rPois rC++ SInv Stlth+} (You found it on level 6 of the Lair of Beasts)
 16881 | Lair:7   | Got a slimy flail
 16882 | Lair:7   | Identified the +3 flail "Tormentor" {crush, MR++ MP+9 Stlth-} (You found it on level 7 of the Lair of Beasts)
 17472 | Lair:8   | Entered Level 8 of the Lair of Beasts
 17472 | Lair:8   | Found a stormy altar of Qazlal.
 17692 | Lair:8   | Identified the Papyrus of Dark Rites and Companions
 17878 | Lair:7   | Reached skill level 10 in Fighting
 18348 | Lair:8   | Found a staircase to the Slime Pits.
 18348 | Lair:8   | Found a viscous altar of Jiyva.
 18651 | Orc:1    | Entered Level 1 of the Orcish Mines
 18793 | Orc:1    | Found Ixoig's Antique Armour Boutique.
 18811 | Orc:1    | Found a dark tunnel.
 18832 | Volcano  | Entered a volcano
 19428 | Orc:1    | Paralysed by an orc sorcerer for 6 turns
 19630 | Orc:1    | Cast into level 1 of the Abyss (orc)
 19667 | Abyss:2  | Noticed a tentacled starspawn
 19707 | Abyss:2  | Found a basalt altar of Yredelemnul.
 19715 | Abyss:2  | Noticed a tentacled starspawn
 19802 | Orc:1    | Escaped the Abyss
 20162 | Orc:2    | Entered Level 2 of the Orcish Mines
 20170 | Orc:2    | Found a staircase to the Elven Halls.
 20251 | Orc:2    | Noticed Josephine
 20266 | Orc:2    | Killed Josephine
 20266 | Orc:2    | Reached XP level 15. HP: 101/107 MP: 20/20
 20417 | Orc:2    | Upgraded the game from 0.18-a0-921-g28655ce to 0.18-a0-943-g2c08dd4
 20971 | Orc:2    | Found Fofuki Apse's General Store.
 20974 | Orc:2    | Found Mefun's Food Emporium.
 20975 | Orc:2    | Found Jiakhlaa's Assorted Antiques.
 20976 | Orc:2    | Found Nohakoz's Jewellery Shoppe.
 20984 | Orc:2    | Bought a +4 ring of slaying for 936 gold pieces
 21910 | Lair:8   | Reached skill level 5 in Spellcasting
 22350 | Lair:8   | Learned a level 4 spell: Animate Dead
 22354 | Lair:8   | Learned a level 3 spell: Recall
 23145 | D:13     | Noticed Frances
 23154 | D:13     | Killed Frances
 23378 | D:14     | Found a gate to the Vaults.
 23398 | D:14     | Reached XP level 16. HP: 79/116 MP: 26/26
 23496 | D:14     | Killed Snorg
 23908 | D:14     | Gained mutation: You are robust (+10% HP). [potion of beneficial mutation]
 23909 | D:14     | Gained mutation: Your flesh is heat resistant. [potion of beneficial mutation]
 24151 | D:14     | Reached skill level 15 in Dodging
 24421 | D:15     | Entered Level 15 of the Dungeon
 25157 | D:15     | Found a staircase to the Depths.
 25355 | Orc:2    | Bought a brass wand for 148 gold pieces
 25355 | Orc:2    | Bought a scroll of identify for 74 gold pieces
 25358 | Orc:2    | Bought a scroll of identify for 74 gold pieces
 25363 | Orc:2    | Bought the ring of Wuunneem {rN+ Int-2 Dex+7 SInv} for 440 gold pieces
 25368 | Orc:2    | Bought a scroll of identify for 22 gold pieces
 25368 | Orc:2    | Bought a scroll of recharging for 104 gold pieces
 25368 | Orc:2    | Bought a potion of curing for 33 gold pieces
 25368 | Orc:2    | Bought a scroll of magic mapping for 38 gold pieces
 25368 | Orc:2    | Bought a potion of berserk rage for 55 gold pieces
 25499 | Orc:2    | Bought a bread ration for 50 gold pieces
 25499 | Orc:2    | Bought a bread ration for 50 gold pieces
 25499 | Orc:2    | Bought a bread ration for 50 gold pieces
 25499 | Orc:2    | Bought a bread ration for 50 gold pieces
 25781 | Swamp:1  | Entered Level 1 of the Swamp
 26000 | Swamp:1  | Reached skill level 5 in Shields
 26260 | Swamp:1  | Learned a level 1 spell: Summon Butterflies
 26497 | Swamp:2  | You fall through a shaft!
 26511 | Swamp:4  | Entered Level 4 of the Swamp
 26874 | Swamp:3  | Noticed 4thArraOfDagon's ghost (journeyman DDBe)
 26902 | Swamp:3  | Killed 4thArraOfDagon's ghost
 27138 | Swamp:3  | Reached XP level 17. HP: 136/136 MP: 27/27
 27485 | Swamp:3  | Noticed Mara
 27503 | Swamp:3  | Noticed patman's illusion
 27510 | Swamp:3  | Killed Mara
 28099 | Snake:1  | Entered Level 1 of the Snake Pit
 28114 | Snake:1  | Found a sacrificial altar of Ru.
 28507 | Snake:1  | Reached skill level 10 in Shields
 29955 | Snake:2  | Found an iron altar of Okawaru.
 30071 | Snake:2  | Noticed Vashnia
 30170 | Snake:2  | Killed Vashnia
 30317 | Snake:3  | Reached XP level 18. HP: 130/146 MP: 28/28
 30345 | Snake:3  | Noticed Wiglaf
 30366 | Snake:3  | Killed Wiglaf
 30366 | Snake:3  | Reached skill level 15 in Fighting
 30893 | Snake:3  | Noticed Nikola
 30948 | Snake:3  | Killed Nikola
 31580 | Snake:4  | Entered Level 4 of the Snake Pit
 32858 | Snake:4  | Reached skill level 15 in Shields
 33147 | Snake:4  | Reached XP level 19. HP: 99/152 MP: 29/29
 33580 | Snake:4  | Noticed Chiseanne's ghost (adept SpAs)
 33615 | Snake:4  | Killed Chiseanne's ghost
 34232 | Snake:4  | Reached skill level 17 in Dodging
 34335 | Snake:4  | Got a serpentine rune of Zot
 34713 | D:10     | You paid a toll of a +5 ice dragon armour to enter a treasure trove
 34714 | Trove    | Entered a treasure trove
 34727 | Trove    | Got a twitching emerald amulet
 34731 | Trove    | Got an ancient iron ring
 34758 | Trove    | Identified the amulet of the Many Deaths {+Blink +Rage rC+ Str+4 Slay+6} (You found it in a treasure trove)
 34766 | Trove    | Identified the ring of the Oligarchy {+Blink +Inv rF++ Str+2 Dex-2} (You found it in a treasure trove)
 35597 | Swamp:4  | Noticed Roxanne
 35907 | Swamp:4  | Noticed the 27-headed Lernaean hydra
 36678 | Swamp:4  | Got a decaying rune of Zot
 37181 | Vaults:1 | Entered Level 1 of the Vaults
 37290 | Vaults:1 | Reached skill level 18 in Dodging
 37290 | Vaults:1 | Reached XP level 20. HP: 163/163 MP: 30/30
 37357 | Vaults:1 | Reached skill level 5 in Stealth
 38114 | Vaults:1 | Reached skill level 10 in Stealth
 38361 | Vaults:1 | Received a gift from Kikubaaqudgha
 38649 | Vaults:1 | Found Sijatobb's Food Shoppe.
 38994 | Vaults:2 | Noticed Boris
 39097 | Vaults:3 | Found a staircase to the Crypt.
 39097 | Vaults:3 | Found a basalt altar of Yredelemnul.
 39098 | Vaults:3 | Found an ancient bone altar of Kikubaaqudgha.
 39262 | Vaults:3 | Noticed Mennas
 39293 | Vaults:3 | Killed Mennas
 39586 | Vaults:3 | Noticed Norris
 39604 | Vaults:3 | Killed Norris
 39604 | Vaults:3 | Reached XP level 21. HP: 164/169 MP: 31/31
 39852 | Vaults:3 | Noticed Jory
 39868 | Vaults:3 | Killed Jory
 40754 | Vaults:3 | Reached skill level 15 in Necromancy
 41099 | Vaults:2 | Upgraded the game from 0.18-a0-943-g2c08dd4 to 0.18-a0-946-g3ac5b32
 41232 | Vaults:2 | Learned a level 8 spell: Borgnjor's Revivification
 41570 | Vaults:2 | Found Orghep's Food Boutique.
 41667 | Vaults:2 | Killed Boris
 41807 | Vaults:2 | Reached XP level 22. HP: 144/177 MP: 32/32
 42087 | Vaults:2 | Upgraded the game from 0.18-a0-946-g3ac5b32 to 0.18-a0-952-g309898a
 43365 | Vaults:5 | Entered Level 5 of the Vaults
 43492 | Vaults:5 | Hit by a large rock thrown by a stone giant

Vault maps used:
D:1:      dpeg_arrival_stone_temple_mockup, minmay_three_crescents
D:2:      first_bread, uniq_terence, uniq_iyjb
D:3:      lemuel_zombie_altar_kikubaaqudgha, amethyst_overflow_temple_binary,
          uniq_robin
D:4:      uniq_grinder
D:5:      okawaru_altar_gauntlet_db, uniq_edmund
D:6:      yredelemnul_forgotten_temple_becter, minmay_temple_entry_overgrown,
          lexackson_kobold_supper
D:7:      hangedman_ru_absence, kennysheep_mini_moat, enter_ossuary_2,
          minivault_26
D:8:      lemuel_bear_cage
D:9:      vehumet_statue, serial_shops, shop, kb_lookout_dungeons_type,
          minivault_11, uniq_maurice, uniq_erica, uniq_gastronok
D:10:     dpeg_lair_monsters, nicolae_trove_entry_crossroad, serial_shops, shop
D:11:     uniq_snorg
D:12:     erik_orc_1, serial_shops, nicolae_shop_window_shopping
D:13:     grunt_tengu_nest, uniq_frances
D:14:     erik_vaults_2, serial_shops, nicolae_shop_window_shopping
D:15:     grunt_enter_depths_hoard
Lair:2:   minmay_lair_oklob_bushes
Lair:3:   dpeg_oklob_gauntlet, guppyfry_snake_entry_garden, grunt_megastairs_3
Lair:4:   minmay_swamp_entry_worms
Lair:5:   pond_and_an_island_with_a_cottage, serial_bayou_shore_a,
          infiniplex_staircase_pool_2
Lair:6:   serial_forest, infiniplex_forest_lined_corner,
          infiniplex_forest_straight_5, infiniplex_forest_end_double,
          infiniplex_forest_lined_4_way, infiniplex_forest_clump_double,
          infiniplex_forest_straight_2, grunt_forest_stairs_clearing
Lair:7:   cheibrodos_magma_flow, guppyfry_lair_drakes
Lair:8:   hangedman_lair_in_review, slime_altar_1, basic_altar
Swamp:1:  nicolae_swamp_little_tower, swamp_pool2, infiniplex_staircase_pool
Swamp:2:  evilmike_swamp_ruin_house_5
Swamp:3:  nicolae_swamp_stair_fork, uniq_mara
Swamp:4:  swamp_old_school, swamp_pool5, hangedman_swamp_pad, uniq_roxanne
Snake:1:  basic_altar, grunt_megastairs_1
Snake:2:  basic_altar, uniq_vashnia
Snake:3:  serial_bayou_crossing, serial_bayou_shore_b, uniq_nikola, uniq_wiglaf
Snake:4:  grunt_snake_rune_serpentine_throne
Orc:1:    serial_shops, nicolae_shop_trees, enter_volcano_1
Orc:2:    st_orc_pillars, special_room, uniq_josephine
Vaults:1: grunt_vaults_bifocal, nicolae_vaults_c_with_doors, vaults_room_grid,
          nicolae_vaults_asterisk, vaults_mumra_minichess, hangedman_vaults_hat,
          nicolae_vaults_what_the_h, vaults_room_grunt_arrival_ludios,
          v_pattern_5, vaults_room_stairs_pillars,
          hangedman_vaults_corner_blocks, serial_shops, shop
Vaults:2: v_misc_5, st_cross, grunt_vaults_swirl, v_alt_pattern_6, v_misc_5,
          ontoclasm_vaults_ligature, nicolae_vaults_rhombus_5,
          hangedman_vaults_nails, vaults_mumra_hex, vaults_dpeg_hooks,
          v_misc_17, serial_shops, shop, uniq_boris
Vaults:3: minmay_crypt_entry_necro_gods, ontoclasm_vaults_claustrophobia,
          vaults_mumra_minichess_inversion, hangedman_vaults_locks, v_misc_10,
          v_rooms_2, v_misc_30, uniq_mennas, uniq_norris, uniq_jory
Vaults:4: hangedman_vaults_stitches, v_misc_3, v_pattern_3, v_misc_26,
          hangedman_vaults_corner, vaults_room_fancy_cross,
          ontoclasm_vaults_ring_small, ontoclasm_vaults_twist,
          nicolae_vaults_rhombus_5
Trove:    trove_simple
Ossuary:  ossuary_zaba_flooded
Volcano:  volcano_tomb

Action                   |  1- 3 |  4- 6 |  7- 9 | 10-12 | 13-15 | 16-18 | 19-21 | 22-24 || total
-------------------------+-------+-------+-------+-------+-------+-------+-------+-------++-------
Melee: Flail             |    46 |   146 |   110 |       |       |       |       |       ||   302
       Dire flail        |       |       |    93 |       |       |       |       |       ||    93
       Whip              |       |       |   147 |   546 |       |       |       |       ||   693
       Eveningstar       |       |       |       |   241 |  1515 |  1488 |  1514 |   288 ||  5046
Throw: Javelin           |       |       |     2 |    18 |    11 |    12 |     3 |    10 ||    56
 Cast: Regeneration      |       |       |     1 |    34 |    31 |    17 |    27 |     6 ||   116
       Dispel Undead     |       |       |       |     1 |     2 |     5 |    11 |     1 ||    20
       Cigotuvi's Embrac |       |       |       |       |    29 |       |     2 |       ||    31
       Agony             |       |       |       |       |    14 |    20 |     6 |     2 ||    42
       Animate Dead      |       |       |       |       |       |       |    15 |       ||    15
Invok: Receive Corpses   |       |       |       |       |     4 |       |     5 |       ||     9
       Receive Necronomi |       |       |       |       |       |       |     1 |       ||     1
 Abil: Evoke Blink       |       |       |       |       |       |       |       |     1 ||     1
Evoke: Wand              |       |       |     1 |    16 |     3 |     2 |     8 |       ||    30
  Use: Scroll            |       |     6 |    12 |    12 |    10 |    14 |    18 |     8 ||    80
       Potion            |       |       |     2 |     8 |       |     8 |     6 |     4 ||    28
 Stab: Sleeping          |     6 |     6 |    12 |    12 |    24 |    24 |    25 |    11 ||   120
       Distracted        |       |       |     6 |     1 |     5 |     3 |     6 |     2 ||    23
       Fleeing           |       |       |       |       |       |       |       |     2 ||     2
  Eat: Chunk             |       |     5 |       |    10 |    25 |    23 |    14 |     6 ||    83
       Meat ration       |       |     1 |     2 |     2 |     1 |       |     4 |       ||    10
       Bread ration      |       |       |       |     1 |     6 |     2 |     1 |       ||    10
       Beef jerky        |       |       |       |     1 |       |     7 |       |       ||     8
       Pizza             |       |       |       |     1 |     2 |       |     1 |       ||     4
